 Dungeon Crawl Stone Soup version 0.28-a0-998-gb9e9c7b67e (webtiles) character file.

Game seed: 4425063094534771914

6425 MacCMillion the Frost Mage (level 10, -2/81 HPs)
             Began as a Grey Draconian Ice Elementalist on Dec 6, 2021.
             Was an Elder of Kikubaaqudgha.
             Killed from afar by Fannar (17 damage)
             ... with a bolt of cold
             ... on level 1 of the Lair of Beasts.
             The game lasted 00:35:01 (11718 turns).

MacCMillion the Frost Mage (DrIE)                  Turns: 11718, Time: 00:35:01

Health: -2/81      AC: 13    Str: 11    XL:     10   Next: 67%
Magic:  2/19       EV: 12    Int: 20    God:    Kikubaaqudgha [****..]
Gold:   550        SH:  0    Dex: 11    Spells: 4/21 levels left

rFire   . . .      SeeInvis +   y - +0 dagger (speed)
rCold   . . .      Faith    .   (no shield)
rNeg    . . .      Spirit   .   (armour unavailable)
rPois   .          Reflect  .   (helmet restricted)
rElec   .          Harm     .   k - +0 cloak
rCorr   .          Rampage  .   (no gloves)
Will    .....                   (no boots)
Stlth   ++........              g - amulet of regeneration
HPRegen 1.03/turn               A - ring of see invisible
MPRegen 0.16/turn               (no ring)

@: slowed, very slow
A: AC +12, amphibious, unfitting armour, cold-blooded
a: Renounce Religion, Receive Corpses


You were on level 1 of the Lair of Beasts.
You worshipped Kikubaaqudgha.
Kikubaaqudgha was greatly pleased with you.
You visited 2 branches of the dungeon, and saw 9 of its levels.

You collected 550 gold pieces.

Inventory:

Hand Weapons
 a - a +0 short sword
 y - a +0 dagger of speed (weapon)
 F - a +3 hand axe
Armour
 k - a +0 cloak (worn)
Jewellery
 b - a ring of fire
 g - an amulet of regeneration (around neck)
 q - an amulet of reflection
 A - a ring of see invisible (left hand)
 I - a +4 ring of evasion
Wands
 i - a wand of acid (15)
 w - a wand of paralysis (16)
 E - a wand of polymorph (14)
 H - a wand of charming (7)
Scrolls
 e - 2 scrolls of enchant weapon {unknown}
 f - 2 scrolls of brand weapon {unknown}
 l - 3 scrolls of amnesia {unknown}
 m - 3 scrolls of immolation {unknown}
 o - a scroll of enchant armour {unknown}
 u - a scroll of noise {unknown}
 v - 6 scrolls of teleportation {unknown}
 x - 2 scrolls of vulnerability {unknown}
 B - a scroll of fear {unknown}
 G - 5 scrolls of identify
Potions
 c - 3 potions of mutation
 d - 6 potions of curing {unknown}
 h - a potion of ambrosia
 j - a potion of berserk rage {unknown}
 n - a potion of haste {unknown}
 p - 3 potions of flight
 r - a potion of invisibility {unknown}
 s - a potion of degeneration {unknown}
 t - 2 potions of magic {unknown}
 z - 2 potions of brilliance {unknown}
 C - a potion of attraction {unknown}
 D - a potion of might {unknown}


   Skills:
 - Level 5.0 Fighting
 - Level 1.7 Dodging
 - Level 2.0 Stealth
 + Level 6.0 Spellcasting
 + Level 10.3 Necromancy
 + Level 10.7 Ice Magic


You had 4 spell levels left.
You knew the following spells:

 Your Spells              Type           Power      Damage    Failure   Level
a - Freeze                Ice            100%       1d11      1%          1
b - Frozen Ramparts       Ice            96%        1d11      1%          3
c - Ozocubu's Armour      Ice            48%        N/A       1%          3
d - Animate Dead          Necr           23%        N/A       1%          4
e - Simulacrum            Ice/Necr       24%        N/A       22%         6

Your spell library contained the following spells:

 Spells                   Type           Power      Damage    Failure   Level
 Animate Skeleton         Necr           94%        N/A       1%          1
 Pain                     Necr           100%       1d9       1%          1
 Corpse Rot               Necr/Air       52%        N/A       1%          2
 Sublimation of Blood     Necr           47%        N/A       1%          2
 Vampiric Draining        Necr           47%        2d9       1%          3
 Dispel Undead            Necr           47%        3d18      1%          4
 Hailstorm                Conj/Ice       27%        3d7       12%         4
 Dazzling Flash           Conj/Hex       12%        N/A       30%         3
 Agony                    Necr           47%        N/A       4%          5
 Excruciating Wounds      Necr           23%        N/A       4%          5
 Death Channel            Necr           23%        N/A       22%         6
 Silence                  Hex/Air        3%         N/A       96%         5
 Haunt                    Necr/Summ      13%        N/A       100%        7
 Infestation              Necr           23%        N/A       100%        8


Dungeon Overview and Level Annotations

Branches:
Dungeon (8/15)             Temple (0/1) D:6            Lair (1/6) D:8

Altars:
Ashenzari
Cheibriados
Fedhas
Gozag
Hepliaklqana
Kikubaaqudgha
Makhleb
Qazlal
Ru
Sif Muna
Wu Jian

Annotations:
D:5 exclusions: gnoll and gnoll shaman
Lair:1 Fannar


Innate Abilities, Weirdness & Mutations

Your dull iron-grey scales are very hard. (AC +12)
You are amphibious.
You cannot fit into any form of body armour.
You are cold-blooded and may be slowed by cold attacks.


Message History

Your yak zombie gores Fannar.
Fannar hits you but does no damage. Fannar freezes you!
* * * LOW HITPOINT WARNING * * *
You feel as though you will be slow longer.
Unknown command.
Aiming: Corrosive Bolt
Press: ? - help, Shift-Dir - straight line, f/p - Fannar
Aim: Fannar, wielding a staff of cold and wearing a +2 robe of cold resistance (almost dead, ally target, 53% to hit)
Really fire in your yak zombie's direction?
The bolt of acid hits Fannar.
The acid corrodes Fannar!
Fannar is almost dead.
The bolt of acid hits your yak zombie! The acid corrodes your yak zombie!
Your yak zombie is severely damaged.
Your water moccasin zombie misses Fannar.
The ice beast barely misses your water moccasin zombie.
Fannar hits you but does no damage. Fannar freezes you!
* * * LOW HITPOINT WARNING * * *
You feel as though you will be slow longer.
The ice beast hits you but does no damage.
The yak zombie misses your water moccasin zombie.
The ice beast barely misses your water moccasin zombie.
Your water moccasin zombie completely misses Fannar.
Fannar casts a spell.
Fannar blinks!
Your water moccasin zombie bites the yak zombie!
The ice beast hits your water moccasin zombie.
The ice beast freezes your water moccasin zombie.
Your water moccasin zombie resists.
The ice beast hits you but does no damage.
Your water moccasin zombie bites the ice beast!
The ice beast hits your water moccasin zombie.
Your water moccasin zombie is destroyed!
The ice beast hits you but does no damage.
The yak zombie barely misses you.
Fannar gestures wildly while chanting.
Fannar blinks!
Fannar gestures at you while chanting. The bolt of cold hits you!
You die...
Kikubaaqudgha rasps: "You have failed me!
Welcome... death!"

..#.#.#.#.......#..
.##.#...#.....#.#.. ..
.##.....#...#...#.#...#.#
.##.....#.....#.#.#...#.#
..(...#.....#...#.#.....#
.##...#.P.....#.>.#.#...
.#......#.............#
.##.......#.#...#...#.#.#
.#......#...#.#.@.....#.##
.##.....P.#...#.#YZ..e#..#
.##.#.....#...#.#.....[.#
.##.#...P.#.#.#.#.Y.....#
.P..#.....#.....#...#...#
....#...#.#...#...#...#.#
.#P.#...#.....#.P.#.#.#.#
.##...........#.#.P.#.#.#
.##.#.(...#.....#...#...#


You could see Fannar (corroded), 2 ice beasts and a yak zombie (corroded).

Vanquished Creatures
  An elephant (D:8)
  A black mamba (Lair:1)
  A hornet (D:8)
  A wyvern (D:8)
  5 yaks (Lair:1)
  3 basilisks
  2 steam dragons
  Edmund (D:6)
  4 water moccasins
  2 orc warriors (D:8)
  2 ice beasts (D:6)
  A black bear (D:7)
  A sky beast (D:7)
  3 necrophages
  2 phantoms
  An ogre (D:6)
  2 centaurs
  2 kobold brigands
  2 bullfrogs
  6 scorpions
  A water moccasin zombie (D:5)
  7 killer bees (D:8)
  13 wights (D:8)
  A bullfrog zombie (D:5)
  3 orc priests
  5 hounds
  4 jellies
  2 centaur skeletons
  An iguana (D:5)
  4 orc wizards
  8 adders
  2 shadow imps
  A white imp (D:5)
  2 ufetubi (D:5)
  An adder skeleton (D:4)
  A worm (D:2)
  19 orcs
  7 endoplasms
  3 giant cockroaches
  12 goblins
  6 hobgoblins
  8 jackals
  5 quokkas
  4 ball pythons
  6 bats
  5 frilled lizards
  22 kobolds
  7 rats
203 creatures vanquished.

Vanquished Creatures (others)
  7 fungi
7 creatures vanquished.

Grand Total: 210 creatures vanquished

Notes
Turn   | Place    | Note
-------+----------+-------------------------------------------
     0 | D:1      | MacCMillion the Draconian Ice Elementalist began the quest
                  | for the Orb.
     0 | D:1      | Reached XP level 1. HP: 14/14 MP: 3/3
   264 | D:1      | Reached XP level 2. HP: 17/20 MP: 1/5
  1134 | D:1      | Reached XP level 3. HP: 26/26 MP: 4/6
  1390 | D:2      | Reached skill level 5 in Ice Magic
  1649 | D:2      | Learned a level 3 spell: Frozen Ramparts
  1677 | D:2      | Found an ornate altar of the Wu Jian Council.
  1682 | D:2      | Found a faded altar of an unknown god.
  1702 | D:2      | Prayed at the altar of an unknown god.
  1702 | D:2      | Became a worshipper of Kikubaaqudgha
  1702 | D:2      | Reached * piety under Kikubaaqudgha
  1702 | D:2      | Received a gift from Kikubaaqudgha
  2445 | D:3      | Reached XP level 4. HP: 33/33 MP: 5/7
  2748 | D:3      | Reached ** piety under Kikubaaqudgha
  2820 | D:3      | Found a burning altar of Makhleb.
  2825 | D:3      | Found a stormy altar of Qazlal.
  2840 | D:3      | Found a shimmering blue altar of Sif Muna.
  3016 | D:4      | Noticed a necrophage
  3031 | D:4      | Found a broken altar of Ashenzari.
  3118 | D:4      | Found an opulent altar of Gozag.
  3189 | D:4      | Noticed a necrophage
  3214 | D:4      | Killed a necrophage
  3215 | D:4      | Reached XP level 5. HP: 35/38 MP: 1/8
  3284 | D:4      | Learned a level 3 spell: Ozocubu's Armour
  3453 | D:4      | You fall into a shaft and drop 2 floors!
  3468 | D:6      | Reached skill level 1 in Fighting
  3468 | D:6      | Reached XP level 6. HP: 47/47 MP: 2/9
  3713 | D:6      | Found a staircase to the Ecumenical Temple.
  3718 | D:6      | Noticed an ice beast
  3730 | D:5      | Entered Level 5 of the Dungeon
  3799 | D:5      | Your scales start taking on a dull iron-grey colour.
  3799 | D:5      | Reached XP level 7. HP: 45/57 MP: 5/12
  3970 | D:5      | Reached skill level 1 in Necromancy
  4303 | D:5      | Found a snail-covered altar of Cheibriados.
  4720 | D:5      | Reached skill level 5 in Fighting
  4720 | D:5      | Reached XP level 8. HP: 67/68 MP: 7/14
  6034 | D:6      | Reached *** piety under Kikubaaqudgha
  6034 | D:6      | Received a gift from Kikubaaqudgha
  6044 | D:6      | Reached skill level 5 in Necromancy
  6839 | D:6      | Noticed Edmund
  6852 | D:6      | Killed Edmund
  6922 | D:6      | Found a sacrificial altar of Ru.
  7053 | D:6      | Reached XP level 9. HP: 74/74 MP: 7/15
  7115 | D:6      | Found an ornate altar of the Wu Jian Council.
  7297 | D:6      | Found a hazy altar of Hepliaklqana.
  7557 | D:7      | Learned a level 4 spell: Animate Dead
  8466 | D:7      | Found a blossoming altar of Fedhas.
  8971 | D:8      | Found a staircase to the Lair.
  8972 | D:8      | Noticed an elephant
  8992 | D:8      | Killed an elephant
  8993 | D:8      | Reached skill level 10 in Ice Magic
  9365 | D:8      | Reached XP level 10. HP: 68/76 MP: 8/16
  9495 | D:8      | Paralysed by a hornet for 1 turns
  9980 | D:8      | Learned a level 6 spell: Simulacrum
 10366 | D:8      | Reached skill level 5 in Spellcasting
 11229 | Lair:1   | Entered Level 1 of the Lair of Beasts
 11243 | Lair:1   | Noticed a black mamba
 11261 | Lair:1   | Killed a black mamba
 11262 | Lair:1   | Reached skill level 10 in Necromancy
 11365 | Lair:1   | Reached **** piety under Kikubaaqudgha
 11685 | Lair:1   | Noticed Fannar
 11718 | Lair:1   | Killed from afar by Fannar

Illustrated notes

Levels and vault maps discovered:
D:1:      psy_arrival_basics, layout_basic, grunt_decor_cap
D:2:      layout_basic, basic_altar, basic_ecumenical_altar, hex_large
D:3:      layout_rooms, mainiacjoe_overflow_big_doors, led_sif_book,
          grunt_ministairs_2
D:4:      layout_basic, grunt_gozag_statues, old_standard_altar
D:5:      layout_basic, mainiacjoe_overflow_24_doors
D:6:      old_forge, layout_loops_ring, lemuel_doored_altar,
          nicolae_ru_awakened_eye, nicolae_overflow_hidden_temple,
          minmay_temple_entry_mist, uniq_edmund
D:7:      layout_loops_ring, kennysheep_little_box
D:8:      layout_layer_cave, david_lair_generic, kennysheep_pointless_box,
          eino_jars
Lair:1:   layout_long_grid, uniq_fannar

Skill      XL: |  1  2  3  4  5  6  7  8  9 10 |
---------------+-------------------------------+-----
Stealth        | 2 |  2.0
Ice Magic      | 5 6 7 8 10 | 10.7
Fighting       | 1 3 5 |  5.0
Spellcasting   | 3 4 6 |  6.0
Necromancy     | 3 6 9 10 | 10.3
Dodging        | |  1.7

Action                   |  1- 3 |  4- 6 |  7- 9 | 10-12 || total
-------------------------+-------+-------+-------+-------++-------
Melee: Unarmed           |    12 |       |       |       ||    12
       Tailslap          |     3 |     9 |    36 |    23 ||    71
       Short sword       |    32 |    48 |   102 |       ||   182
       Dagger            |       |       |   338 |   182 ||   520
 Cast: Freeze            |    56 |    30 |   110 |    26 ||   222
       Frozen Ramparts   |     2 |     6 |    32 |    23 ||    63
       Ozocubu's Armour  |       |     6 |    25 |    14 ||    45
       Animate Dead      |       |       |       |     2 ||     2
Invok: Receive Corpses   |       |       |       |     1 ||     1
Evoke: Wand              |       |       |       |     1 ||     1
  Use: Scroll            |       |       |     3 |       ||     3
 Stab: Sleeping          |     5 |     3 |     2 |       ||    10
Armor: Skin              |    26 |    31 |   206 |    76 ||   339
Dodge: Dodged            |    59 |    50 |   240 |   105 ||   454

Table legend: (Time is in decaauts)
 A = Elapsed time spent in this place.
 B = Non-inter-level travel time spent in this place.
 C = Inter-level travel time spent in this place.
 D = Time resting spent in this place.
 E = Time spent auto-exploring this place.
 F = Levels seen in this place.
 G = Mean time per level.
                   A        B        C        D        E       F      G
               +--------+--------+--------+--------+--------+-----+--------+
         Total |  11587 |  11313 |    274 |    793 |   8255 |   9 | 1287.4 |
       Dungeon |  11103 |  10829 |    274 |    762 |   7949 |   8 | 1387.9 |
          Lair |    483 |    483 |      0 |     31 |    306 |   1 |  483.0 |
               +--------+--------+--------+--------+--------+-----+--------+

Top non-repeatable levels by time:
     D:8: 2656 daAuts
     D:5: 1759 daAuts
     D:6: 1612 daAuts
     D:1: 1286 daAuts
     D:7: 1072 daAuts
     D:4: 1063 daAuts
     D:2: 856 daAuts
     D:3: 795 daAuts
  Lair:1: 483 daAuts
